Map: 광부 대피

Players

테라진

  • Race: Terran Terran
  • Spawn Location: 7:00

밤하늘

  • Race: Protoss Protoss
  • Spawn Location: 7:00

VOD

Have the link to the VOD?

Description

Time

  • Played on: Feb. 1, 2019, 3:03 a.m.
  • Length: 20:03
Show
View Real Time Build Order
Export as new Build Order

테라진 Terran 

Build Orders:  

Get SALT Encoding   

  12  0:10  SCV  
Show
View Real Time Build Order
Export as new Build Order

밤하늘 Protoss 

Build Orders:  

Get SALT Encoding   

  12  0:02  Probe (Chrono Boost)  
  13  0:16  Probe (Chrono Boost)  
  14  0:30  Probe (Chrono Boost)  
  14  0:37  Xel'Naga Passageway  
  15  0:44  Probe (Chrono Boost)  
  16  0:58  Probe (Chrono Boost)  
  17  1:09  Xel'Naga Passageway  
  17  1:11  Probe (Chrono Boost)  
  18  1:25  Probe (Chrono Boost)  
  19  1:39  Probe (Chrono Boost)  
  19  1:45  Core Forge  
  20  1:53  Probe (Chrono Boost)  
  21  2:08  Xel'Naga Ambusher  
  21  2:09  Probe (Chrono Boost)  
  24  2:35  Constructs Facility  
  24  2:37  Xel'Naga Shieldguard  
  24  2:42  Xel'Naga Shieldguard  
  26  3:03  Xel'Naga Ambusher  
  28  3:41  Constructs Bay  
  28  3:52  Xel'Naga Void Array x2  
  29  4:14  Xel'Naga Watcher  
  29  4:24  Serdath Legion  
  29  4:27  Xel'Naga Watcher  
  29  5:03  Ancient Nexus  
  29  5:22  Xel'Naga Shieldguard x2  
  31  5:32  Xel'Naga Void Array x2  
  32  5:41  Xel'Naga Void Array  
  32  6:12  Xel'Naga Void Array  
  32  6:18  Xel'Naga Void Array  
  32  6:40  Xel'Naga Shieldguard x2  
  32  6:47  Probe (Chrono Boost)  
  36  6:51  Probe (Chrono Boost)  
  36  7:01  Probe (Chrono Boost)  
  36  7:07  Probe (Chrono Boost)  
  38  7:15  Probe (Chrono Boost)  
  39  7:24  Probe (Chrono Boost), Xel'Naga Watcher  
  39  7:26  Serdath Legion  
  39  7:29  Probe (Chrono Boost)  
  41  7:41  Probe (Chrono Boost)  
  41  7:43  Probe (Chrono Boost)  
  42  7:51  Xel'Naga Shieldguard  
  42  7:52  Xel'Naga Shieldguard  
  42  7:56  Probe (Chrono Boost)  
  42  7:58  Probe (Chrono Boost)  
  46  8:04  Xel'Naga Void Array  
  46  8:07  Xel'Naga Void Array  
  46  8:10  Probe (Chrono Boost)  
  46  8:14  Xel'Naga Void Array  
  46  8:15  Probe (Chrono Boost)  
  48  8:24  Probe (Chrono Boost)  
  49  8:32  Probe (Chrono Boost)  
  50  8:40  Xel'Naga Void Array  
  50  8:53  Xel'Naga Void Array  
  50  8:59  Xel'Naga Void Array  
  50  9:44  Xel'Naga Ambusher x2  
  54  9:51  Xel'Naga Watcher  
  54  10:03  Probe (Chrono Boost)  
  54  10:05  Xel'Naga Ambusher x2  
  54  10:06  Probe (Chrono Boost)  
  60  10:13  Xel'Naga Watcher  
  60  10:16  Probe (Chrono Boost)  
  61  10:23  Probe (Chrono Boost)  
  61  10:25  Xel'Naga Watcher  
  62  10:30  Probe (Chrono Boost)  
  63  10:41  Serdath Legion  
  63  10:48  Xel'Naga Abrogator  
  62  10:51  Xel'Naga Shieldguard x2  
  62  10:58  Xel'Naga Void Array  
  67  11:08  Xel'Naga Abrogator  
  67  11:10  Xel'Naga Ambusher x2  
  74  11:29  Unknown x3  
  74  11:34  Unknown x3  
  74  11:37  Unknown x3  
  74  11:39  Xel'Naga Void Array  
  74  11:52  Xel'Naga Void Array  
  74  11:56  Xel'Naga Void Array  
  74  11:58  Xel'Naga Abrogator  
  74  11:59  Xel'Naga Void Array  
  74  12:00  Unknown x6  
  74  12:03  Xel'Naga Ambusher  
  74  12:08  Unknown x3  
  79  12:11  Unknown x3  
  79  12:13  Unknown x3  
  79  12:17  Unknown x3  
  79  12:18  Xel'Naga Void Array  
  79  12:19  Unknown x3  
  79  12:23  Unknown x3  
  79  12:24  Unknown x3  
  79  12:33  Xel'Naga Ambusher x2, Unknown x3  
  79  12:34  Unknown x6  
  83  12:54  Xel'Naga Ambusher x2  
  83  12:59  Unknown x3  
  87  13:01  Unknown x3  
  87  13:02  Unknown x3  
  87  13:06  Unknown x3  
  87  13:08  Unknown x6  
  87  13:16  Unknown x3  
  87  13:17  Unknown x6  
  87  13:24  Unknown x9  
  84  13:36  Unknown x3  
  84  13:37  Unknown x3  
  84  13:38  Unknown x3  
  84  13:54  Unknown x6  
  84  13:55  Unknown x3  
  84  14:01  Unknown x3  
  84  14:03  Unknown x6  
  84  14:08  Unknown x3  
  84  14:09  Xel'Naga Abrogator, Unknown x6  
  84  14:15  Unknown x9  
  84  14:16  Xel'Naga Shieldguard x2  
  89  14:25  Unknown x3  
  89  14:26  Unknown x3  
  89  14:27  Xel'Naga Watcher, Unknown x3  
  89  14:30  Unknown x6  
  89  14:31  Xel'Naga Watcher  
  89  14:32  Unknown x3  
  89  14:33  Serdath Legion  
  89  14:36  Unknown x3  
  89  14:38  Unknown x6  
  89  14:43  Unknown x3  
  89  14:44  Xel'Naga Watcher, Unknown x3  
  89  14:45  Xel'Naga Void Array, Unknown x3  
  89  14:48  Unknown x3  
  89  14:49  Xel'Naga Ambusher x2  
  93  14:51  Unknown x6  
  93  14:55  Unknown x3  
  93  14:56  Unknown x6  
  93  15:01  Unknown x3  
  93  15:02  Unknown x3  
  93  15:03  Unknown x3  
  93  15:06  Unknown x3  
  93  15:08  Unknown x3  
  93  15:09  Unknown x3  
  92  15:13  Unknown x6  
  92  15:14  Unknown x3  
  92  15:18  Unknown x3  
  92  15:19  Xel'Naga Void Array, Unknown x3  
  91  15:20  Unknown x3  
  91  15:27  Unknown x6  
  91  15:29  Unknown x3  
  91  15:33  Unknown x6  
  91  15:34  Unknown x3  
  91  15:36  Unknown x3  
  91  15:39  Unknown x3  
  91  15:40  Unknown x3  
  91  15:41  Unknown x3  
  91  15:42  Unknown x3  
  91  15:47  Unknown x6  
  89  15:52  Unknown x9  
  89  15:55  Xel'Naga Void Array  
  89  15:56  Unknown x3  
  89  15:57  Unknown x3  
  89  15:58  Unknown x3  
  89  16:00  Unknown x3  
  89  16:01  Unknown x3  
  89  16:02  Unknown x3  
  89  16:04  Xel'Naga Void Array, Unknown x3  
  89  16:05  Unknown x3  
  89  16:07  Unknown x6  
  89  16:25  Unknown x9  
  89  16:28  Xel'Naga Ambusher  
  89  16:29  Xel'Naga Ambusher, Unknown x3  
  89  16:31  Unknown x3  
  89  16:32  Unknown x6  
  89  16:35  Unknown x3  
  89  16:37  Unknown x3  
  89  16:39  Unknown x3  
  89  16:40  Unknown x6  
  89  16:44  Unknown x3  
  89  16:45  Unknown x3  
  89  16:46  Unknown x6  
  89  16:47  Serdath Legion  
  89  16:49  Xel'Naga Ambusher  
  91  16:50  Xel'Naga Ambusher, Unknown x3  
  91  16:52  Unknown x3  
  91  16:53  Unknown x6  
  92  17:02  Unknown x12  
  90  17:22  Unknown x3  
  90  17:23  Unknown x3  
  90  17:24  Unknown x6  
  90  17:28  Unknown x6  
  90  17:30  Unknown x6  
  90  17:38  Unknown x12  
  90  17:44  Unknown x3  
  90  17:45  Unknown x9  
  90  17:50  Unknown x9  
  90  17:52  Unknown x3  
  90  17:53  Xel'Naga Abrogator  
  90  17:56  Unknown x3  
  90  17:57  Unknown x6  
  90  17:58  Unknown x3  
  93  18:07  Unknown x6  
  92  18:14  Xel'Naga Abrogator  
  93  18:20  Unknown x3  
  93  18:23  Unknown x3  
  93  18:25  Unknown x3  
  93  18:26  Unknown x6  
  93  18:28  Unknown x3  
  93  18:29  Unknown x6  
  88  18:32  Unknown x9  
  88  18:34  Xel'Naga Abrogator  
  88  18:35  Unknown x6  
  88  18:37  Unknown x3  
  88  18:38  Unknown x3  
  88  18:39  Unknown x3  
  87  18:41  Unknown x9  
  87  18:43  Unknown x3  
  87  18:45  Unknown x6  
  87  18:47  Unknown x6  
  84  18:50  Unknown x3  
  84  18:51  Unknown x6  
  84  18:53  Serdath Legion  
  84  18:54  Unknown x6  
  84  18:57  Unknown x3  
  84  18:58  Unknown x6  
  79  19:00  Unknown x3  
  79  19:02  Unknown x3  
  79  19:03  Unknown x3  
  79  19:04  Unknown x6  
  79  19:06  Unknown x3  
  79  19:08  Unknown x6  
  73  19:10  Unknown x3  
  73  19:11  Unknown x3  
  73  19:12  Unknown x3  
  73  19:15  Unknown x3  
  73  19:16  Unknown x3  
  73  19:17  Unknown x3  
  73  19:19  Unknown x3  
  73  19:21  Unknown x6  
  73  19:23  Unknown x6  
  73  19:25  Unknown x3  
  73  19:27  Unknown x3  
  73  19:28  Unknown x6  
  73  19:32  Unknown x3  
  73  19:34  Unknown x3  
  73  19:35  Unknown x3  
  73  19:36  Unknown x3  
  73  19:39  Unknown x3  
  70  19:40  Unknown x3  
  70  19:42  Unknown x6  
  70  19:44  Unknown x3  
  70  19:46  Unknown x3  
  70  19:52  Unknown x3  
  70  19:53  Unknown x9  
Tags
 
Add a new tag
Caveats
  • Supply blocks, unpowered buildings, or Contaminate may cause inaccurate times.
  • Supply counts are checked every 10 seconds.